 Dungeon Crawl Stone Soup version 0.22-b1-59-g0aedee7 (webtiles) character file.

107 Lilu the Conjurer (level 4, -6/24 HPs)
             Began as a Deep Elf Conjurer on Aug 9, 2018.
             Mangled by a gnoll
             ... wielding a +0 halberd
              (13 damage)
             ... on level 2 of the Dungeon.
             The game lasted 00:06:10 (1207 turns).

Lilu the Conjurer (Deep Elf Conjurer)               Turns: 1207, Time: 00:06:10

Health: -6/24      AC:  2    Str:  6    XL:     4   Next: 57%
Magic:  10/10      EV: 13    Int: 20    God:
Gold:   61         SH:  0    Dex: 15    Spells: 6/9 levels left

rFire    . . .     SeeInvis .   o - +2 whip (elec)
rCold    . . .     Gourm    .   (no shield)
rNeg     . . .     Faith    .   a - +0 robe
rPois    .         Spirit   .   (no helmet)
rElec    .         Reflect  .   (no cloak)
rCorr    .         Harm     .   (no gloves)
MR       .....                  (no boots)
Stlth    ++........             (no amulet)
HPRegen  0.08/turn              (no ring)
MPRegen  0.12/turn              (no ring)

@: no status effects
A: no striking features
a: no special abilities


You were on level 2 of the Dungeon.
You were not hungry.

You visited 1 branch of the dungeon, and saw 3 of its levels.

You collected 61 gold pieces.

Inventory:

Hand Weapons
 o - a +2 whip of electrocution (weapon)
Armour
 a - a +0 robe (worn)
Scrolls
 g - 2 scrolls of identify {unknown}
 h - a scroll of fog {unknown}
 j - a scroll of fear {unknown}
 k - a scroll of remove curse {unknown}
 n - a scroll of teleportation {unknown}
Potions
 b - a potion of agility {unknown}
 e - a potion of heal wounds {unknown}
 f - a potion of haste {unknown}
 i - a potion of invisibility {unknown}
 l - 2 potions of curing {unknown}
 m - 2 potions of mutation {unknown}
Comestibles
 c - 4 rations
 d - 4 chunks of flesh


   Skills:
 - Level 2.4 Dodging
 - Level 2.4 Stealth
 - Level 3.0 Spellcasting
 + Level 6.6 Conjurations


You had 6 spell levels left.
You knew the following spells:

 Your Spells              Type           Power        Failure   Level  Hunger
a - Magic Dart            Conj           ####         1%          1    None
b - Searing Ray           Conj           ####..       1%          2    ##.....

Your spell library contained the following spells:

 Spells                   Type           Power        Failure   Level  Hunger
 Iskenderun's Mystic Bla  Conj           ####....     9%          4    ####...
 Fulminant Prism          Conj/Hex       ###.......   34%         4    ####...
 Dazzling Spray           Conj/Hex       ###...       11%         3    ###....
 Force Lance              Conj/Tloc      ###.....     34%         4    ####...


Dungeon Overview and Level Annotations

Branches:
Dungeon (3/15)

Altars:


Message History

You now have 61 gold pieces (gained 8).
A kobold comes into view.
The adder hisses angrily.
The gnoll shouts!
A hobgoblin comes into view. It is wielding a club.
The hobgoblin shouts!
You hear a shout!
You barely miss the adder. The gnoll barely misses you. The adder bites you.
You closely miss the adder. The adder closely misses you.
The gnoll hits you from afar with a halberd!
Ouch! That really hurt!
The adder barely misses you.
You miss the adder. The gnoll closely misses you. The adder closely misses you.
The hobgoblin barely misses you. The adder bites you.
* * * LOW HITPOINT WARNING * * *
The kobold shouts!
You hit the adder. Lightning courses through the adder!
You kill the adder!
The gnoll hits you from afar with a halberd!
Ouch! That really hurt!
You die...

#### .. #.#........# #.##..
########....##.....##.###.....
÷.............. #....†......
#.......#. #... ##..........
#)..###.# ##.K# #....##....
.....##.# .....###....##.# #
........# #...g..####.#
....###########...........###.#
................@g...###......#
................###### #.####.###
..........#######.######.#####...
##.......... .................
....#####.#. #.#.######.########
###.# # #.#.# #.# #.# #.#.# #.#
#.# #.#.# #.# ###### #.# #.#
#.#.######.# #.....


You could see a gnoll, a hobgoblin and a kobold.

Vanquished Creatures
  An orc priest (D:3)
  3 adders (D:2)
  2 dart slugs (D:1)
  4 leopard geckos
  3 orcs (D:3)
  4 giant cockroaches
  A goblin (D:1)
  5 hobgoblins
  3 jackals (D:2)
  A kobold (D:1)
  A quokka (D:3)
  7 bats
  2 frilled lizards (D:1)
  4 rats
41 creatures vanquished.

Notes
Turn   | Place    | Note
-------+----------+-------------------------------------------
     0 | D:1      | Lilu the Deep Elf Conjurer began the quest for the Orb.
     0 | D:1      | Reached XP level 1. HP: 10/10 MP: 6/6
    85 | D:1      | Reached XP level 2. HP: 11/15 MP: 1/8
   159 | D:1      | Learned a level 2 spell: Searing Ray
   166 | D:1      | Reached skill level 5 in Conjurations
   592 | D:2      | Reached XP level 3. HP: 19/19 MP: 4/9
   861 | D:2      | You fall through a shaft!
   970 | D:3      | Reached skill level 6 in Conjurations
   972 | D:3      | Reached XP level 4. HP: 24/24 MP: 5/10
  1207 | D:2      | Mangled by a gnoll

Skill      XL: |  1  2  3 |
---------------+----------+-----
Conjurations   | 5 6 |  6.6
Dodging        | |  2.4
Stealth        | |  2.4
Spellcasting   | |  3.0

Action                   |  1- 3 |  4- 6 || total
-------------------------+-------+-------++-------
Melee: Club              |    12 |       ||    12
       Whip              |       |    11 ||    11
 Cast: Magic Dart        |    63 |     5 ||    68
       Searing Ray       |     1 |       ||     1
 Stab: Sleeping          |     1 |     1 ||     2
  Eat: Chunk             |       |     1 ||     1
Armor: Robe              |     2 |     3 ||     5
Dodge: Dodged            |    24 |    13 ||    37
